 Dungeon Sprint DCSS version 0.30.1-9-gdf580d7c3d (webtiles) character file.

Game seed: 11924646708775612401

706 Heoruswealwe the Spear-Bearer (level 7, 0/73 HPs)
             Began as a Minotaur Fighter on Oct 25, 2023.
             Was an Initiate of Gozag.
             Slain by a troll (8 damage)
             ... in the Dungeon (Sprint IX: "|||||||||||||||||||||||||||||").
             The game lasted 00:02:46 (271 turns).

Heoruswealwe the Spear-Bearer (Minotaur Fighter)     Turns: 271, Time: 00:02:48

Health: 0/73       AC: -23   Str: 22    XL:     7   Next: 39%
Magic:  6/6        EV:  8    Int:  5    God:    Gozag
Gold:   0          SH:  0    Dex: 10    Spells: 6/6 levels left

rFire   . . .        b - +2 halberd (venom)
rCold   . . .        (shield currently unavailable)
rNeg    . . .        c - +1 chain mail
rPois   .            (helmet restricted)
rElec   .            (no cloak)
rCorr   .            (no gloves)
SInv    .            (no boots)
Will    .....        (no amulet) Stlth
                     k - +2 ring of protection
HPRegen 0.32/turn    j - +2 ring of protection
MPRegen 0.10/turn

%: no teleportation
@: corroded, gold aura
A: horns 2, retaliatory headbutt
a: Renounce Religion, Potion Petition, Call Merchant, Bribe Branch


You were in the Dungeon.
You worshipped Gozag.
Gozag was noncommittal.
You visited 1 branch

Inventory:

Hand Weapons
 a - a +0 trident
 b - a +2 halberd of venom (weapon)
 l - the +7 mace of Variability {chaos, chaos arc}
   (You found it in the Dungeon)
Armour
 c - a +1 chain mail (worn)
 d - a +0 buckler
Jewellery
 j - a +2 ring of protection (right hand)
 k - a +2 ring of protection (left hand)
Wands
 h - a wand of roots (10)
Scrolls
 n - 2 scrolls of blinking
Potions
 e - 5 potions of curing
 g - a potion of haste
 i - a potion of berserk rage
 m - a potion of might


   Skills:
 + Level 10.4 Fighting
 * Level 13.7 Polearms
 + Level 10.4 Armour
 - Level 3.6 Shields


You had 6 spell levels left.
You didn't know any spells.
Your spell library was empty.

Dungeon Overview and Level Annotations

Branches:
Dungeon (1/1)

Altars:
Cheibriados
Dithmenos
Elyvilon
Fedhas
Gozag
Hepliaklqana
Kikubaaqudgha
Makhleb
Nemelex Xobeh
Okawaru
Qazlal
Ru
Sif Muna
Trog
Uskayaw
Vehumet
Wu Jian
Xom
Yredelemnul
Zin
The Shining One
Jiyva
Lugonu


Innate Abilities, Weirdness & Mutations

You have a pair of horns on your head.
You reflexively headbutt those who attack you in melee.


Message History

The smoke demon hits you.
* * * LOW HITPOINT WARNING * * *
The smoke demon hits you.
* * * LOW HITPOINT WARNING * * *
You completely miss the kobold demonologist.
The kobold demonologist is almost dead.
You are covered in liquid flames!
* * * LOW HITPOINT WARNING * * *
The kobold demonologist closely misses you.
The smoke demon closely misses you. The smoke demon barely misses you.
The smoke demon hits you.
* * * LOW HITPOINT WARNING * * *
You feel much better.
You are covered in liquid flames!
The kobold demonologist hits you with a +0 dagger.
* * * LOW HITPOINT WARNING * * *
The orc wizard gestures wildly while chanting.
The orc wizard flickers and vanishes!
Deactivating autopickup; reactivate with Ctrl-A.
The smoke demon hits you.
* * * LOW HITPOINT WARNING * * *
The smoke demon barely misses you. The smoke demon hits you.
* * * LOW HITPOINT WARNING * * *
You hit the kobold demonologist but do no damage.
The kobold demonologist looks as sick as possible!
You headbutt the kobold demonologist, but do no damage.
The kobold demonologist is almost dead.
You kill the kobold demonologist!
The smoke demon disappears in a puff of smoke!
Your Fighting skill increases to level 10!
Your Polearms skill increases to level 13!
Your Armour skill increases to level 10!
You have reached level 7!
You barely miss the troll.
You headbutt the troll, but do no damage.
The troll bites you.
* * * LOW HITPOINT WARNING * * *
The troll claws you!
You die...
Your body crumbles into a pile of gold. ▓▓▓▓▓▓▓▓▓▓▓▓▓▓▓▓▓▓▓▓▓▓▓▓ ______'!?)[[[..§@Tc..y.+ ▓▓▓▓▓▓▓▓▓▓▓▓▓▓▓▓▓▓▓▓▓▓▓▓ $ $$$$$ $$$$$ $ $ $ $$$$$

You could see a troll, a centaur and a killer bee.

Vanquished Creatures
  A kobold demonologist (D)
  A wraith (D)
  A black bear (D)
  An ogre (D)
  A phantom (D)
  A hound (D)
  A dart slug (D)
  An orc (D)
  2 bats (D)
  An endoplasm (D)
  A ball python (D)
12 creatures vanquished.

Notes
Turn   | Place    | Note
-------+----------+-------------------------------------------
     0 | D        | Heoruswealwe the Minotaur Fighter began the quest for the
                  | Orb.
     0 | D        | Reached XP level 1. HP: 19/19 MP: 0/0
     7 | D        | Reached skill level 3 in Polearms
    15 | D        | Reached skill level 4 in Polearms
    18 | D        | Noticed a hound
    18 | D        | Noticed a phantom
    18 | D        | Noticed an ogre
    18 | D        | Noticed a black bear
    21 | D        | Killed a hound
    22 | D        | Reached skill level 5 in Fighting
    22 | D        | Reached skill level 6 in Polearms
    22 | D        | Reached skill level 5 in Armour
    22 | D        | Reached XP level 2. HP: 28/29 MP: 1/1
    22 | D        | Reached XP level 3. HP: 34/36 MP: 2/2
    32 | D        | Killed a phantom
    33 | D        | Reached skill level 8 in Polearms
    33 | D        | Reached XP level 4. HP: 24/45 MP: 3/3
    37 | D        | Killed an ogre
    38 | D        | Reached skill level 9 in Polearms
    38 | D        | Reached XP level 5. HP: 6/53 MP: 4/4
    49 | D        | Killed a black bear
    50 | D        | Reached skill level 11 in Polearms
    50 | D        | Reached XP level 6. HP: 8/62 MP: 5/5
    56 | D        | Found a snail-covered altar of Cheibriados.
    56 | D        | Found a shadowy altar of Dithmenos.
    56 | D        | Found a white marble altar of Elyvilon.
    56 | D        | Found a blossoming altar of Fedhas.
    56 | D        | Found an opulent altar of Gozag.
    57 | D        | Found a hazy altar of Hepliaklqana.
    58 | D        | Found a viscous altar of Jiyva.
    59 | D        | Found an ancient bone altar of Kikubaaqudgha.
    60 | D        | Found a corrupted altar of Lugonu.
    61 | D        | Found a burning altar of Makhleb.
    62 | D        | Found a sparkling altar of Nemelex Xobeh.
    63 | D        | Found an iron altar of Okawaru.
    64 | D        | Became a worshipper of Gozag Ym Sagoz the Greedy
    65 | D        | Found a stormy altar of Qazlal.
    66 | D        | Found a sacrificial altar of Ru.
    67 | D        | Found a shimmering blue altar of Sif Muna.
    68 | D        | Found a bloodstained altar of Trog.
    69 | D        | Found a hide-covered altar of Uskayaw.
    70 | D        | Found a radiant altar of Vehumet.
    71 | D        | Found an ornate altar of the Wu Jian Council.
    72 | D        | Found a shimmering altar of Xom.
    73 | D        | Found a basalt altar of Yredelemnul.
    74 | D        | Found a glowing silver altar of Zin.
    75 | D        | Found a glowing golden altar of the Shining One.
    83 | D        | Found the +7 mace of Variability {chaos, chaos arc}
   232 | D        | Noticed a wraith
   232 | D        | Noticed a kobold demonologist
   232 | D        | Noticed a troll
   234 | D        | Noticed a rust devil
   237 | D        | Killed a wraith
   238 | D        | Reached skill level 12 in Polearms
   259 | D        | HP: 1/64 [kobold demonologist/+0 dagger (6)]
   264 | D        | Noticed a smoke demon
   268 | D        | HP: 1/64 [smoke demon[a kobold demonologist] (4)]
   270 | D        | Killed a kobold demonologist
   271 | D        | Reached skill level 10 in Fighting
   271 | D        | Reached skill level 13 in Polearms
   271 | D        | Reached skill level 10 in Armour
   271 | D        | Reached XP level 7. HP: 14/73 MP: 6/6
   271 | D        | Slain by a troll

Illustrated notes

Levels and vault maps discovered:
D:        linesprint [early_d, line_temple, items_1, d_10, items_2, lair_1,
          lair_end, items_3, orc_1, orc_end, items_4, d_15, swamp_1, shoals_1,
          snake_1, spider_1, d_20, vaults_1, items_5, swamp_end, shoals_end,
          snake_end, spider_end, vaults_end, d_27, items_6, zot_1, zot_end,
          crypt_end, forest_end, elf_end, slime_end, tomb_end, abyss_end,
          pan_hell_end]

Skill      XL: |  1  2  3  4  5  6 |
---------------+-------------------+-----
Polearms       | 6 8 9 11 13 | 13.7
Fighting       | 5 6 7 8 10 | 10.4
Armour         | 5 6 7 8 10 | 10.4
Shields        | |  3.6

Action                     |  1- 3 |  4- 6 |  7- 9 || total
---------------------------+-------+-------+-------++-------
  Melee: Trident           |    21 |    17 |       ||    38
         Headbutt          |     5 |    14 |     1 ||    20
         Halberd           |       |    34 |     1 ||    35
    Use: Potion            |       |     3 |       ||     3
 Armour: Scale mail        |     8 |     4 |       ||    12
         Chain mail        |       |     2 |       ||     2
  Dodge: Dodged            |    10 |    14 |       ||    24
  Block: Buckler           |     4 |     3 |       ||     7
